 Dungeon Crawl Stone Soup version 0.27.0-1-g7a089689b8 (webtiles) character file.

Game seed: 16050900966699635298

53 Sweetruy1997 the Firebug (level 3, -2/40 HPs)
             Began as a Demigod Fire Elementalist on Aug 5, 2021.
             Slain by a gnoll (4 damage)
             ... on level 2 of the Dungeon.
             The game lasted 00:04:38 (1688 turns).

Sweetruy1997 the Firebug (DgFE)                     Turns: 1688, Time: 00:04:39

Health: -2/40      AC: 28    Str:  9    XL:     3   Next: 42%
Magic:  7/9        EV:  2    Int: 21    God:
Gold:   40         SH:  0    Dex: 14    Spells: 2/6 levels left

rFire    . . .     SeeInvis .   d - +1 mace (protect)
rCold    . . .     Faith    .   (no shield)
rNeg     + + +     Spirit   .   (armour currently unavailable)
rPois    +         Reflect  .   (helmet currently unavailable)
rElec    .         Harm     .   (cloak currently unavailable)
rCorr    .         Rampage  .   (gloves currently unavailable)
Will     .....     NoTele   +   (boots currently unavailable)
Stlth    ++........             (no amulet)
HPRegen  0.13/turn              e - ring of wizardry
MPRegen  0.11/turn              (no ring)

@: tree-form, under a protective aura
A: stationary, stasis, torment immunity, boosted hp, high mp 1, forlorn
a: no special abilities


You were on level 2 of the Dungeon.
You were a tree.
You visited 1 branch of the dungeon, and saw 2 of its levels.

You collected 40 gold pieces.

Inventory:

Hand Weapons
 d - a +1 mace of protection (weapon)
Armour
 a - a +0 robe
 i - a +0 ring mail (melded)
Jewellery
 e - a ring of wizardry (left branch)
Scrolls
 b - a scroll of fog {unknown}
 c - a scroll of vulnerability {unknown}
 g - a scroll of amnesia {unknown}
 j - a scroll of identify {unknown}
Potions
 f - a potion of ambrosia {unknown}
 h - a potion of lignification


   Skills:
 + Level 0.5 Fighting
 + Level 0.3 Maces & Flails
 + Level 0.1 Armour
 + Level 1.8 Dodging
 + Level 1.9 Stealth
 + Level 2.2 Spellcasting
 + Level 1.6 Conjurations
 + Level 3.2 Fire Magic


You had 2 spell levels left.
You knew the following spells:

 Your Spells              Type           Power      Damage    Failure   Level
a - Foxfire               Conj/Fire      48%        2x1d6     2%          1
b - Conjure Flame         Conj/Fire      12%        6-21      6%          3

Your spell library contained the following spells:

 Spells                   Type           Power      Damage    Failure   Level
 Inner Flame              Hex/Fire       9%         N/A       9%          3
 Gell's Gravitas          Tloc           1%         N/A       17%         3
 Ozocubu's Armour         Ice            2%         N/A       17%         3
 Teleport Other           Tloc           2%         N/A       17%         3
 Sticky Flame             Conj/Fire      12%        2d4       21%         4
 Fireball                 Conj/Fire      6%         3d5       50%         5
 Dispersal                Tloc           1%         N/A       100%        6
 Ozocubu's Refrigeration  Ice            1%         4d5       100%        7


Dungeon Overview and Level Annotations

Branches:
Dungeon (2/15)


Innate Abilities, Weirdness & Mutations

You are a tree.
Your roots penetrate the ground, keeping you stationary.
You cannot be teleported.
You are immune to unholy pain and torment.
Your maximum health is greatly increased.
Your equipment is partially melded.
Your attributes grow dramatically as you level up.
You have an increased reservoir of magic. (+10% MP)
You shall have no god before yourself.


Message History

The adder poisons you!
Unknown command.
You barely miss the adder.
The adder is almost dead.
* * * LOW HITPOINT WARNING * * *
You feel sick. The adder closely misses you.
You barely miss the adder.
The adder is almost dead.
* * * LOW HITPOINT WARNING * * *
You feel sick.
The adder bites you but does no damage. x2
It was a potion of lignification.
You turn into a tree.
Your +0 ring mail melds into your body.
Your roots penetrate the ground.
You feel sick.
You are no longer poisoned.
The adder bites you but does no damage. x2
You barely miss the adder.
The adder is almost dead.
The adder bites you but does no damage.
You miss the adder.
The adder is almost dead.
The adder bites you.
* * * LOW HITPOINT WARNING * * *
The adder bites you but does no damage.
You barely miss the adder.
The adder is almost dead.
The adder bites you but does no damage. x2
You sock the adder!
Your weapon exudes an aura of protection.
You kill the adder!
The gnoll hits you but does no damage.
You sock the gnoll!
The gnoll is severely wounded.
The gnoll hits you but does no damage.
You barely miss the gnoll.
The gnoll is severely wounded.
The gnoll hits you but does no damage.
You closely miss the gnoll.
The gnoll is severely wounded.
The gnoll hits you with a +2 whip of electrocution.
You die...

## .# .# .# .# .# ## .
.###..# .###. ...#..#
.#..##...#..#
.##..##.#..# #.
#g##.##.#..#
#.g.#.#♣.#..#..#########
#.wg##..÷#...........
#.###v..#...).####....
#.§...#...#......#..
#...#.....#......#.#
.....###.#.##....##.#
.###### #.#.##....##.#
#.#..##..##..#
#.#..##..##[.#


You could see a gnoll and a dart slug.

Vanquished Creatures
  An adder (D:2)
  A worm (D:2)
  4 ball pythons (D:1)
  5 endoplasms (D:1)
  5 giant cockroaches
  4 goblins
  3 hobgoblins (D:1)
  3 jackals (D:1)
  A quokka (D:2)
  2 bats (D:1)
  A frilled lizard (D:1)
  2 kobolds (D:1)
  4 rats (D:1)
36 creatures vanquished.

Vanquished Creatures (others)
  81 foxfires
81 creatures vanquished.

Grand Total: 117 creatures vanquished

Notes
Turn   | Place    | Note
-------+----------+-------------------------------------------
     0 | D:1      | Sweetruy1997 the Demigod Fire Elementalist began the quest
                  | for the Orb.
     0 | D:1      | Reached XP level 1. HP: 14/14 MP: 5/5
   190 | D:1      | Reached skill level 1 in Conjurations
   346 | D:1      | Reached XP level 2. HP: 20/20 MP: 4/7
   372 | D:1      | Reached skill level 3 in Fire Magic
  1086 | D:1      | Reached XP level 3. HP: 27/27 MP: 5/8
  1129 | D:1      | Learned a level 3 spell: Conjure Flame
  1681 | D:2      | HP: 2/40 [poisoned by an adder]
  1688 | D:2      | Slain by a gnoll

Illustrated notes

Levels and vault maps discovered:
D:1:      psy_arrival_radial01, layout_rooms, st_stairs_7,
          minmay_misc_feat_tiny, minmay_crystal_room
D:2:      layout_loops_ring, minmay_misc_feat_x, minmay_pentomino_pile

Skill      XL: |  1  2 |
---------------+-------+-----
Conjurations   | 1 |  1.6
Spellcasting   | 2 |  2.2
Fire Magic     | 3 |  3.2
Fighting       | |  0.5
Maces & Flails | |  0.3
Armour         | |  0.1
Dodging        | |  1.8
Stealth        | |  1.9

Action                   || total
-------------------------++-------
Melee: Unarmed           ||     9
       Dagger            ||    26
       Mace              ||    48
 Cast: Foxfire           ||    53
  Use: Potion            ||     1
Armor: Robe              ||    11
       Ring mail         ||    14
       Skin              ||     9
Dodge: Dodged            ||    67
